 Dungeon Crawl Stone Soup version 0.29-a0-490-g77b3608bb8 (webtiles) character file.

Game seed: 8823565784896280251

72 siradein the Skirmisher (level 4, -1/34 (35) HPs)
             Began as a Demonspawn Chaos Knight on May 26, 2022.
             Was a Plaything of Xom.
             Slain by a crimson imp (3 damage)
             ... summoned by Xom
             ... on level 3 of the Dungeon.
             The game lasted 00:08:45 (2298 turns).

siradein the Skirmisher (Demonspawn Chaos Knight)   Turns: 2298, Time: 00:08:46

HP:   -1/34 (35)    AC:  4    Str: 14    XL:     4   Next: 6%
MP:   4/4           EV: 11    Int: 14    God:    Xom [......]
Gold: 213           SH:  0    Dex: 10    Spells: 3/3 levels left

rFire   . . .      SeeInvis .   a - +0 mace (chaos)
rCold   . . .      Faith    .   (no shield)
rNeg    . . .      Spirit   .   b - +2 leather armour
rPois   .          Reflect  .   (no helmet)
rElec   .          Harm     .   (no cloak)
rCorr   .          Rampage  .   t - +0 pair of gloves
Will    .....                   (no boots)
Stlth   +.........              (no amulet)
HPRegen 0.11/turn               (no ring)
MPRegen 0.09/turn               (no ring)

@: lightly drained
A: spiny 1, clumsy 1, deformed body, mutation resistance 1
a: Renounce Religion


You were on level 3 of the Dungeon.
You worshipped Xom.
You were a very special plaything of Xom.
You visited 1 branch of the dungeon, and saw 3 of its levels.

You collected 213 gold pieces.

Inventory:

Hand Weapons
 a - a +0 mace of chaos (weapon)
Armour
 b - a +2 leather armour (worn)
 t - a +0 pair of gloves (worn)
Scrolls
 f - 2 scrolls of vulnerability {unknown}
 i - 2 scrolls of magic mapping {unknown}
 k - a scroll of acquirement {unknown}
 m - a scroll of fear {unknown}
 n - a scroll of immolation {unknown}
 p - a scroll of fog {unknown}
 q - 2 scrolls of summoning {unknown}
 r - 2 scrolls of poison {unknown}
 s - a scroll of enchant weapon {unknown}
Potions
 d - 2 potions of might
 e - a potion of heal wounds {unknown}
 g - a potion of attraction {unknown}
 h - a potion of berserk rage {unknown}
 j - a potion of invisibility
 l - a potion of curing {unknown}
 o - a potion of resistance {unknown}
Miscellaneous
 c - a piece from Xom's chessboard (13/15) (quivered)


   Skills:
 + Level 3.5 Fighting
 + Level 3.2 Maces & Flails
 + Level 2.4 Armour
 + Level 1.8 Dodging


You had 3 spell levels left.
You didn't know any spells.
Your spell library contained the following spells:

 Spells                   Type           Power      Damage    Failure   Level
 Sandblast                Erth           0%         2d4       34%         1
 Sting                    Tmut/Pois      0%         1d3       34%         1
 Passwall                 Tmut/Erth      0%         N/A       47%         2
 Poisonous Vapours        Pois/Air       0%         N/A       47%         2
 Ignite Poison            Fire/Tmut/Pois 0%         N/A       71%         3
 Mephitic Cloud           Conj/Pois/Air  0%         N/A       71%         3
 Stone Arrow              Conj/Erth      0%         3d7       71%         3
 Olgreb's Toxic Radiance  Pois           0%         N/A       98%         4
 Freezing Cloud           Conj/Ice/Air   0%         6-21      100%        5


Dungeon Overview and Level Annotations

Branches:
Dungeon (3/15)

Altars:
Dithmenos
Xom
Yredelemnul


Innate Abilities, Weirdness & Mutations

You are partially covered in sharp spines.
You are clumsy. (Dex -2)
Armour fits poorly on your strangely shaped body.
You are somewhat resistant to further mutation.


Message History

You are too injured to fight recklessly!
You are too injured to fight recklessly!
You closely miss the iron imp. The iron imp misses you.
You hit the iron imp.
The iron imp is moderately wounded.
The iron imp is struck by your spines. The iron imp hits you!
* * * LOW HITPOINT WARNING * * *
You hit the iron imp.
The iron imp is severely wounded.
The iron imp hits you!
* * * LOW HITPOINT WARNING * * *
You hit the iron imp but do no damage.
The iron imp appears confused.
The iron imp is severely wounded.
The iron imp misses the crimson imp.
You strike the helpless iron imp from behind!
You hit the iron imp.
The iron imp resists with some effort.
The iron imp is severely wounded.
The crimson imp blinks!
The iron imp barely misses you.
You catch the helpless iron imp completely off-guard!
You hit the iron imp.
You kill the iron imp!
The iron imp disappears in a puff of smoke!
You hit the crimson imp.
The crimson imp is moderately wounded.
The crimson imp laughs crazily.
The crimson imp is struck by your spines.
The crimson imp closely misses you.
You hit the crimson imp.
The crimson imp is severely wounded.
The crimson imp blinks!
The crimson imp shouts, "Remove thy stench, thou simpering rump-fed pustule!"
You hit the crimson imp.
The crimson imp is severely wounded.
The crimson imp hits you.
* * * LOW HITPOINT WARNING * * *
You closely miss the crimson imp.
The crimson imp is heavily wounded.
The crimson imp hits you.
You die... "What!?
That's it?"

#####
....###########
..............#
###.#########.#
###.## #.#
.....# #.#
###..# #.# #..#
#!########..
#..#
#...@5......
###..#
#.##†.###.##
#....####
#.##....#
.).......
#.###.###
#.##..... ..#
.# #.# #### #.#
.# #.# #.# ..
#.#######. ..
.# ....>.....


You could see a crimson imp (summoned).

Vanquished Creatures
  3 adders
  A dart slug (D:1)
  5 bats
  5 endoplasms
  2 giant cockroaches
  5 goblins
  5 hobgoblins
  3 quokkas
  A frilled lizard (D:1)
  3 kobolds (D:1)
  2 rats
35 creatures vanquished.

Vanquished Creatures (collateral kills)
  A ball python (D:2)
  A quokka (D:2)
2 creatures vanquished.

Grand Total: 37 creatures vanquished

Notes
Turn   | Place    | Note
-------+----------+-------------------------------------------
     0 | D:1      | siradein the Demonspawn Chaos Knight began the quest for
                  | the Orb.
     0 | D:1      | Reached XP level 1. HP: 18/18 MP: 1/1
    50 | D:1      | Reached skill level 1 in Dodging
   300 | D:1      | Gained mutation: You are partially covered in sharp spines.
                  | [demonic ancestry]
   300 | D:1      | Reached XP level 2. HP: 14/24 MP: 2/2
   361 | D:1      | XOM: give mutations
   361 | D:1      | Gained mutation: You expend magic power (3 MP) to
                  | strengthen your wands. [Xom's grace]
   361 | D:1      | Gained mutation: You are somewhat resistant to further
                  | mutation. [Xom's grace]
   386 | D:1      | XOM: scenery: create altars
   768 | D:1      | XOM: cast spell 'Statue Form'
   856 | D:1      | XOM: 3-stop teleportation journey
   925 | D:2      | Found a faded altar of an unknown god.
  1007 | D:2      | XOM: summons 2 friendly demons
  1058 | D:2      | Reached XP level 3. HP: 27/29 MP: 3/3
  1092 | D:2      | Found a basalt altar of Yredelemnul.
  1144 | D:2      | XOM: draining
  1200 | D:2      | XOM: give mutations
  1200 | D:2      | Gained mutation: Armour fits poorly on your strangely
                  | shaped body. [Xom's mischief]
  1200 | D:2      | Lost mutation: You expend magic power (3 MP) to strengthen
                  | your wands. [Xom's mischief]
  1200 | D:2      | Gained mutation: You are clumsy. (Dex -2) [Xom's mischief]
  1628 | D:2      | XOM: stat loss: -1 Int (12/13)
  1657 | D:2      | XOM: noise
  2094 | D:3      | Found a shadowy altar of Dithmenos.
  2222 | D:3      | Reached XP level 4. HP: 20/34 MP: 4/4
  2282 | D:3      | XOM: summons 3 hostile demons
  2298 | D:3      | Slain by a crimson imp

Illustrated notes

Levels and vault maps discovered:
D:1:      minmay_arrival_three_doors, layout_rooms, serial_rivers,
          chequers_serial_rivers_micro_c, chequers_serial_rivers_large_a,
          chequers_serial_rivers_room_b, chequers_serial_rivers_micro_c,
          chequers_serial_rivers_small_b, chequers_serial_rivers_marsh
D:2:      layout_basic, serial_curves, eino_curves_04, eino_curves_01,
          eino_curves_02, hellmonk_ecumenical_altar_crossroads, basic_altar
D:3:      layout_loops_ring, nicolae_dithmenos_shadow_blocks,
          minmay_misc_feat_roman, kennysheep_nub

Skill      XL: |  1  2 |
---------------+-------+-----
Dodging        | 1 |  1.8
Armour         | 2 |  2.4
Maces & Flails | 3 |  3.2
Fighting       | |  3.5

Action                   |  1- 3 |  4- 6 || total
-------------------------+-------+-------++-------
Melee: Mace              |    91 |    13 ||   104
       Punch             |     2 |       ||     2
Evoke: Piece from Xom's  |     6 |       ||     6
  Use: Scroll            |     2 |       ||     2
 Stab: Paralysed         |     3 |       ||     3
       Petrifying        |     1 |       ||     1
       Petrified         |     1 |       ||     1
       Confused          |       |     2 ||     2
Armor: Leather armour    |    34 |       ||    34
Dodge: Dodged            |    66 |     5 ||    71

Table legend: (Time is in decaauts)
 A = Elapsed time spent in this place.
 B = Non-inter-level travel time spent in this place.
 C = Inter-level travel time spent in this place.
 D = Time resting spent in this place.
 E = Time spent auto-exploring this place.
 F = Levels seen in this place.
 G = Mean time per level.
                   A        B        C        D        E       F      G
               +--------+--------+--------+--------+--------+-----+--------+
         Total |   2352 |   2314 |     38 |    208 |   1770 |   3 |  784.0 |
       Dungeon |   2352 |   2314 |     38 |    208 |   1770 |   3 |  784.0 |
               +--------+--------+--------+--------+--------+-----+--------+

Top non-repeatable levels by time:
     D:1: 949 daAuts
     D:2: 926 daAuts
     D:3: 476 daAuts
